 Dungeon Crawl Stone Soup version 0.29-a0-1047-g7c58e119a4 (webtiles) character file.

Game seed: 13183683168001752346

164 Spectrina the Magician (level 5, -5/38 HPs)
             Began as a Djinni Venom Mage on Aug 16, 2022.
             Slain by an iguana (10 damage)
             ... on level 4 of the Dungeon.
             The game lasted 00:16:16 (1566 turns).

Spectrina the Magician (Djinni Venom Mage)          Turns: 1566, Time: 00:16:17

Health: -5/38      AC:  8    Str: 10    XL:     5   Next: 73%
Gold:   160        EV: 13    Int: 18    God:
                   SH:  0    Dex: 14

rFire   + + +      SeeInvis .   n - +0 sling
rCold   . . .      Faith    .   (no shield)
rNeg    . . .      Spirit   .   b - +2 robe "Doish" {Str+3}
rPois   ∞          Reflect  .   (no helmet)
rElec   +          Harm     .   f - +0 cloak
rCorr   +          Rampage  .   p - +2 pair of gloves
Will    .....                   (boots unavailable)
Stlth   ++........              (no amulet)
HPRegen 0.12/turn               (no ring)
MPRegen 0.00/turn               (no ring)

@: mighty, brilliant, resistant, flying
A: sickness immunity, fire resistance 2, cold vulnerability 1, float, innate
caster, HP casting, extra vitality 1
a: no special abilities


You were on level 4 of the Dungeon.
You visited 1 branch of the dungeon, and saw 6 of its levels.

You collected 160 gold pieces.

Inventory:

Hand Weapons
 n - a +0 sling (weapon)
Missiles
 o - 6 curare-tipped darts
Armour
 a - a +0 robe
 b - the +2 robe "Doish" (worn) {Str+3}
   (You found it on level 2 of the Dungeon)

   Str:       It affects your strength (+3).
 f - a +0 cloak (worn)
 p - a +2 pair of gloves (worn)
Scrolls
 c - a scroll of summoning {unknown}
 h - a scroll of fear
 k - a scroll of enchant weapon {unknown}
 l - a scroll of teleportation
Potions
 d - a potion of berserk rage
 g - a potion of might
 i - a potion of brilliance


   Skills:
 + Level 1.6 Fighting
 + Level 3.0 Dodging
 + Level 2.2 Stealth
 * Level 3.2 Spellcasting
 + Level 1.5 Invocations
 + Level 1.5 Evocations


You couldn't memorise any spells.
You knew the following spells:

 Your Spells              Type           Power      Damage    Failure   Level
a - Sting                 Tmut/Pois      88%        1d7       4%          1
l - Mephitic Cloud        Conj/Pois/Air  22%        N/A       13%         3
p - Call Imp              Summ           22%        N/A       6%          2
q - Poisonous Vapours     Pois/Air       44%        N/A       6%          2
s - Magic Dart            Conj           88%        1d7       4%          1
w - Olgreb's Toxic Radia  Pois           22%        N/A       38%         4
Your spell library was empty.

Dungeon Overview and Level Annotations

Branches:
Dungeon (6/15)
 Temple: D:4-7

Altars:
Makhleb

Annotations:
D:4 Blork the orc
D:6 Prince Ribbit


Innate Abilities, Weirdness & Mutations

You are immune to sickness and miasma.
You are immune to poison.
Your flesh is very heat resistant. (rF++)
You are vulnerable to cold. (rC-)
You float through the air rather than walking.
You learn spells naturally, not from books.
Your magical power is your life essence.
You have superior vitality. (+4 MHP)


Message History

The hobgoblin shouts!
The iguana closely misses you.
Unknown command.
Unknown command.
Okay, then.
Unknown command.
Unknown command.
Unknown command.
Casting: Call Imp (safe; 6% risk of failure)
Confirm with . or Enter, or press ? or * to list all spells.
The spell is extremely dangerous to miscast (38% risk of failure)!
Continue anyway?
You begin to radiate toxic energy.
The hobgoblin is poisoned.
The dart slug is poisoned.
The kobold is poisoned.
The iguana is poisoned.
The hobgoblin looks even sicker.
The kobold looks even sicker.
The iguana looks even sicker.
The iguana bites you!
* * * LOW HITPOINT WARNING * * *
Unknown command.
Unknown command.
Unknown command.
It was a potion of might.
You feel very mighty all of a sudden.
You kill the kobold!
The iguana looks even sicker.
Your toxic aura wanes.
The iguana barely misses you. The dart slug launches a dart at you.
The slug dart misses you.
Unknown command.
It was a potion of brilliance.
You feel clever all of a sudden. The iguana closely misses you.
The hobgoblin hits you.
* * * LOW HITPOINT WARNING * * *
Unknown command.
Unknown command.
Unknown command.
It was a potion of resistance.
You feel protected.
You kill the dart slug!
The iguana bites you!
You die...

##### ###
##...#...## #
#..g@l....#
.#
#......$....#
##.
#...........#
...# .
#...........#
.#.# .#
##.........##
.#.#.##
....<....##
.......
########)##
..##### ####
.. ..# ##..#


You could see an iguana (very poisoned) and a hobgoblin (very poisoned).

Vanquished Creatures
  2 iguanas
  A gnoll (D:4)
  5 adders
  A white imp (D:6)
  4 dart slugs
  A bat (D:3)
  2 endoplasms
  2 giant cockroaches
  4 goblins
  A hobgoblin (D:4)
  A ball python (D:3)
  2 frilled lizards
  8 kobolds
  5 rats
  A spectral goblin (D:2)
40 creatures vanquished.

Vanquished Creatures (collateral kills)
  An adder (D:4)
  An endoplasm (D:4)
  A quokka (D:5)
3 creatures vanquished.

Grand Total: 43 creatures vanquished

Notes
Turn   | Place    | Note
-------+----------+-------------------------------------------
     0 | D:1      | Spectrina the Djinni Venom Mage began the quest for the
                  | Orb.
     0 | D:1      | Spectrina set off with the following spells memorised:
                  | Sting, Poisonous Vapours, Mephitic Cloud, Olgreb's Toxic
                  | Radiance.
     0 | D:1      | Reached XP level 1. HP: 15/15 MP: 0/0
    17 | D:2      | Identified the +2 robe "Doish" {Str+3}
   117 | D:2      | Reached XP level 2. HP: 16/21 MP: 0/0
   216 | D:2      | Reached XP level 3. HP: 1/26 MP: 0/0
   216 | D:2      | Learned a level 1 spell: Magic Dart
   266 | D:2      | Reached skill level 1 in Fighting
   266 | D:2      | Reached skill level 1 in Invocations
   266 | D:2      | Reached skill level 1 in Evocations
   266 | D:2      | Reached XP level 4. HP: 1/32 MP: 0/0
   433 | D:2      | Found a faded altar of an unknown god.
   514 | D:3      | You are sucked into a shaft and drop 2 floors!
   514 | D:5      | Entered Level 5 of the Dungeon
   840 | D:3      | Found a burning altar of Makhleb.
   843 | D:3      | Noticed a cacodemon
   993 | D:4      | Reached XP level 5. HP: 22/37 MP: 0/0
   993 | D:4      | Learned a level 2 spell: Call Imp
  1005 | D:4      | Noticed a black bear
  1202 | D:5      | Noticed an ice beast
  1258 | D:5      | Noticed a centaur
  1291 | D:6      | Noticed an ogre
  1338 | D:6      | Noticed Prince Ribbit
  1357 | D:6      | Noticed an ice beast
  1372 | D:5      | Noticed a bullfrog
  1542 | D:4      | Noticed Blork the orc
  1566 | D:4      | Slain by an iguana

Illustrated notes

Levels and vault maps discovered:
D:1:      wander_arrival_desolate, layout_loops_cross
D:2:      layout_rooms, dreamdust_ecumenical_altar_drowned_temple,
          minmay_misc_feat_rows
D:3:      layout_basic, makhleb_altar_promises_db, uniq_jessica
D:4:      layout_rooms, nrook_mini_vaults, uniq_blork_the_orc
D:5:      layout_loops_ring, trog_book, nicolae_tso_swordbearing_angel
D:6:      layout_basic, chequers_serial_rivers_large_a, serial_park_tiny_1,
          uniq_prince_ribbit1, uniq_sigmund

Skill      XL: |  1  2  3  4  5 |
---------------+----------------+-----
Fighting       | 1 |  1.6
Invocations    | 1 |  1.5
Evocations     | 1 |  1.5
Stealth        | 2 |  2.2
Spellcasting   | 3 |  3.2
Dodging        | 3 |  3.0

Action                   |  1- 3 |  4- 6 || total
-------------------------+-------+-------++-------
Melee: Unarmed           |       |    22 ||    22
 Cast: Sting             |    19 |    26 ||    45
       Poisonous Vapours |     6 |    18 ||    24
       Magic Dart        |     2 |    17 ||    19
       Call Imp          |       |     8 ||     8
       Olgreb's Toxic Ra |       |     1 ||     1
  Use: Potion            |     1 |     6 ||     7
       Scroll            |       |     7 ||     7
Armor: Robe              |     2 |    11 ||    13
Dodge: Dodged            |     3 |    23 ||    26

Table legend: (Time is in decaauts)
 A = Elapsed time spent in this place.
 B = Non-inter-level travel time spent in this place.
 C = Inter-level travel time spent in this place.
 D = Time resting spent in this place.
 E = Time spent auto-exploring this place.
 F = Levels seen in this place.
 G = Mean time per level.
                   A        B        C        D        E       F      G
               +--------+--------+--------+--------+--------+-----+--------+
         Total |   1557 |   1549 |      8 |      0 |      0 |   6 |  259.5 |
       Dungeon |   1557 |   1549 |      8 |      0 |      0 |   6 |  259.5 |
               +--------+--------+--------+--------+--------+-----+--------+

Top non-repeatable levels by time:
     D:2: 447 daAuts
     D:3: 429 daAuts
     D:5: 297 daAuts
     D:4: 256 daAuts
     D:6: 66 daAuts
     D:1: 60 daAuts
